 Dungeon Crawl Stone Soup version 0.31-a0-1074-g0b22e4e0f1 (webtiles) character file.

Game seed: 5421315113115054376

4442 Rennog the Grappler (level 10, -13/62 HPs)
             Began as a Gnoll Shapeshifter on Dec 8, 2023.
             Was an Elder of Cheibriados.
             Killed from afar by an acid dragon (26 damage)
             ... with a splash of acid
             ... on level 10 of the Dungeon.
             The game lasted 00:13:52 (8489 turns).

Rennog the Grappler (Gnoll Shapeshifter)            Turns: 8489, Time: 00:13:52

Health: -13/62     AC:  0    Str: 24    XL:     10   Next: 37%
Magic:  17/17      EV: 21    Int: 21    God:    Cheibriados [****..]
Gold:   355        SH: 11    Dex: 21    Spells: 19/19 levels left

rFire   . .          .
                       - Unarmed
rCold   . . .        I - +0 kite shield
rNeg    . . .        C - melded +0 plate armour
rPois   +            i - +0 helmet
rElec   .            (no cloak)
rCorr   .            (no gloves)
SInv    .            G - +2 pair of boots
Will    .....        (no amulet)
Stlth   +++          f - +5 ring of evasion
HPRegen 0.30/turn    g - ring of poison resistance
MPRegen 0.15/turn

%: no passive effects
@: maw-form, corroded, very slow
A: devouring maw, reduced hp, fangs 1, strong nose, distributed training
a: Begin Untransformation, Renounce Religion, Bend Time, Temporal Distortion,
Slouch


You were on level 10 of the Dungeon.
You worshipped Cheibriados.
Cheibriados was greatly pleased with you.
You were a creature with a mouth for a stomach.
You visited 1 branch of the dungeon, and saw 10 of its levels.

You collected 418 gold pieces.
You spent 63 gold pieces at shops.

Inventory:

Missiles
 v - 3 throwing nets
Armour
 a - a +0 animal skin
 i - a +0 helmet (worn)
 t - a +0 pair of boots
 u - a +0 chain mail
 C - a +0 plate armour (melded)
 G - a +2 pair of boots (worn)
 I - a +0 kite shield (worn)
Jewellery
 f - a +5 ring of evasion (left hand)
 g - a ring of poison resistance (right hand)
 l - a ring of protection from fire
 o - a ring of magical power
 E - a ring of protection from cold
 H - a ring of fire
Talismans
 c - a beast talisman
 d - a flux talisman
 B - a maw talisman (active)
Wands
 x - a wand of flame (18)
 K - a wand of mindburst (4)
 P - a wand of digging (7)
Scrolls
 h - a scroll of teleportation {unknown}
 j - a scroll of blinking {unknown}
 k - a scroll of enchant armour {unknown}
 q - 2 scrolls of noise {unknown}
 r - 2 scrolls of fog {unknown}
 y - a scroll of brand weapon {unknown}
 z - a scroll of torment {unknown}
 A - 7 scrolls of identify {unknown}
 L - a scroll of vulnerability {unknown}
 M - 2 scrolls of enchant weapon {unknown}
 N - a scroll of butterflies {unknown}
 O - a scroll of revelation {unknown}
Potions
 b - 2 potions of lignification
 e - a potion of resistance {unknown}
 m - a potion of enlightenment {unknown}
 n - a potion of brilliance {unknown}
 p - 3 potions of cancellation {unknown}
 s - 2 potions of might {unknown}
 w - 4 potions of curing {unknown}
 D - 2 potions of haste {unknown}
 F - a potion of mutation {unknown}
 J - 2 potions of heal wounds {unknown}
 Q - a potion of attraction {unknown}


   Skills:
 + Level 6.0 Fighting
 + Level 5.3 Short Blades
 + Level 5.3 Long Blades
 + Level 5.3 Axes
 + Level 5.3 Maces & Flails
 + Level 5.3 Polearms
 + Level 5.3 Staves
 + Level 5.3 Ranged Weapons
 + Level 5.3 Throwing
 + Level 5.3 Armour
 + Level 7.1 Dodging
 + Level 5.3 Stealth
 + Level 5.3 Shields
 + Level 8.5 Unarmed Combat
 + Level 5.3 Spellcasting
 + Level 4.4 Conjurations
 + Level 4.4 Hexes
 + Level 4.4 Summonings
 + Level 4.4 Necromancy
 + Level 4.4 Translocations
 + Level 4.4 Transmutations
 + Level 4.4 Fire Magic
 + Level 4.4 Ice Magic
 + Level 4.4 Air Magic
 + Level 4.4 Earth Magic
 + Level 4.4 Poison Magic
 + Level 5.8 Invocations
 + Level 5.3 Evocations
 + Level 8.2 Shapeshifting


You had 19 spell levels left.
You didn't know any spells.
Your spell library contained the following spells:

 Spells                   Type           Power      Damage    Failure   Level
 Slow                     Hex            96%        N/A       3%          1
 Call Canine Familiar     Summ           24%        N/A       11%         3
 Confusing Touch          Hex            24%        N/A       11%         3
 Hailstorm                Conj/Ice       24%        3d7       11%         3
 Sigil of Binding         Hex            24%        N/A       11%         3
 Vampiric Draining        Necr           24%        2d7       11%         3
 Volatile Blastmotes      Fire/Tloc      48%        2d14      11%         3
 Dimensional Bullseye     Hex/Tloc       12%        N/A       34%         4
 Fulminant Prism          Conj/Hex       12%        3d8       34%         4
 Iskenderun's Mystic Bla  Conj/Tloc      24%        2d7       34%         4
 Leda's Liquefaction      Hex/Erth       12%        N/A       34%         4
 Passage of Golubria      Tloc           24%        N/A       34%         4
 Summon Ice Beast         Ice/Summ       24%        N/A       34%         4
 Silence                  Hex/Air        12%        N/A       67%         5
 Simulacrum               Ice/Necr       12%        N/A       99%         6
 Lehudib's Crystal Spear  Conj/Erth      12%        10d4      100%        8


Dungeon Overview and Level Annotations

Branches:
Dungeon (10/15)            Temple (0/1) D:5            Lair (0/5) D:10
    Orc (0/2) D:9

Altars:
Cheibriados
Dithmenos
Hepliaklqana
Okawaru
Ru

Shops:
D:3 [   D:7 (

Annotations:
D:3 3 runed translucent doors, 2 transporters, soberseth's ghost, amateur DrFE


Innate Abilities, Weirdness & Mutations

You are a creature with a mouth for a stomach.
Your midsection houses a second, enormous mouth.
Your maximum health is decreased, since you lack skill for your form.
You have very sharp teeth.
Your uncanny sense of smell can sniff out nearby items.
Your experience applies equally to all skills.


Message History

As you open the door, it creaks loudly!
There is an open door here.
Things that are here:
a +0 shortbow; a centaur corpse
Q - a sedimented amethyst potion
r - 2 scrolls labelled OSISAI LYGE (gained 1)
Found a dagger.
You now have 340 gold pieces (gained 10).
You see here a +0 dagger.
You now have 355 gold pieces (gained 15).
Found a staircase to the Lair.
An acid dragon is nearby!
Found a dented cabochon amulet.
The acid dragon roars!
The acid dragon spits acid at you. The splash of acid hits you!!
The acid corrodes you!
Found a long sword.
You block the acid dragon's attack. x2
The acid dragon barely misses you. The acid dragon claws you.
The acid dragon completely misses you. The acid dragon claws you.
The acid dragon bites you. The acid dragon barely misses you.
You hit the acid dragon.
You bite the acid dragon, but do no damage. x2
The acid dragon is lightly wounded.
The acid dragon barely misses you. You block the acid dragon's attack.
You hit the acid dragon but do no damage.
You bite the acid dragon, but do no damage.
The acid dragon is lightly wounded.
The acid dragon misses you. You block the acid dragon's attack.
You punch the acid dragon!
You bite the acid dragon, but do no damage.
You bite the acid dragon.
The acid dragon is almost dead.
The acid dragon bites you!
* * * LOW HITPOINT WARNING * * *
You block the acid dragon's attack.
You hit the acid dragon. Your bite misses the acid dragon.
The acid dragon is almost dead.
The acid dragon spits acid at you. The splash of acid hits you!!
You die...

#)... ..P....... #....
....P...) #.... .P...PP..
#.... P..P..... #....
....P"P.###### #....
...P.P.......# #....
...P..P......# ###.... .
.PP...DW.....# #...... P.
......P......# #...... #Y..
.P>..P........#####......
.YP.
....P....P.......#.######
.... .................#.# #
.....P...................#.#
#
......PP.P.......####....#.#
#
...P.............#..#....#.#
# #......PP.....P..#..#
...#.# #


You could see an acid dragon (catching breath).

Vanquished Creatures
  Sigmund (D:5)
  A wraith (D:9)
  A wyvern (D:10)
  2 yaks (D:10)
  A vampire (D:9)
  4 steam dragons
  3 water moccasins
  2 ice beasts
  An orc warrior (D:4)
  2 black bears
  An ogre (D:5)
  A centaur (D:10)
  Blork the orc (D:5)
  2 phantoms
  A kobold brigand (D:9)
  9 bullfrogs
  3 scorpions
  3 howler monkeys
  6 orc priests
  A hound (D:5)
  2 gnoll boudas
  An iguana (D:6)
  3 jellies
  2 sleepcaps
  9 orc wizards
  13 gnolls
  10 adders
  A shadow imp (D:7)
  A white imp (D:5)
  3 worms
  3 dart slugs
  19 orcs
  11 endoplasms
  A giant cockroach (D:3)
  6 goblins
  11 hobgoblins
  4 jackals (D:4)
  3 quokkas
  5 ball pythons
  5 bats
  9 frilled lizards
  10 kobolds
  2 rats
180 creatures vanquished.

Vanquished Creatures (others)
  2 orcs (D:9)
2 creatures vanquished.

Grand Total: 182 creatures vanquished

Notes
Turn   | Place    | Note
-------+----------+-------------------------------------------
     0 | D:1      | Rennog the Gnoll Shapeshifter began the quest for the Orb.
     0 | D:1      | Reached XP level 1. HP: 17/17 MP: 1/1
   122 | D:1      | Reached XP level 2. HP: 12/23 MP: 2/2
   528 | D:1      | Reached XP level 3. HP: 26/28 MP: 3/3
  1133 | D:2      | Reached skill level 1 in Invocations
  1251 | D:2      | Reached skill level 1 in Short Blades
  1251 | D:2      | Reached skill level 1 in Long Blades
  1251 | D:2      | Reached skill level 1 in Axes
  1251 | D:2      | Reached skill level 1 in Maces & Flails
  1251 | D:2      | Reached skill level 1 in Polearms
  1251 | D:2      | Reached skill level 1 in Staves
  1251 | D:2      | Reached skill level 1 in Ranged Weapons
  1251 | D:2      | Reached skill level 1 in Throwing
  1251 | D:2      | Reached skill level 1 in Armour
  1251 | D:2      | Reached skill level 1 in Stealth
  1251 | D:2      | Reached skill level 1 in Shields
  1251 | D:2      | Reached skill level 1 in Spellcasting
  1251 | D:2      | Reached skill level 1 in Evocations
  1604 | D:3      | Found Rarawi's Armour Shoppe.
  1609 | D:3      | Reached XP level 4. HP: 32/34 MP: 5/5
  1618 | D:3      | Reached skill level 1 in Conjurations
  1618 | D:3      | Reached skill level 1 in Hexes
  1618 | D:3      | Reached skill level 1 in Summonings
  1618 | D:3      | Reached skill level 1 in Necromancy
  1618 | D:3      | Reached skill level 1 in Translocations
  1618 | D:3      | Reached skill level 1 in Transmutations
  1618 | D:3      | Reached skill level 1 in Fire Magic
  1618 | D:3      | Reached skill level 1 in Ice Magic
  1618 | D:3      | Reached skill level 1 in Air Magic
  1618 | D:3      | Reached skill level 1 in Earth Magic
  1618 | D:3      | Reached skill level 1 in Poison Magic
  1710 | D:3      | Noticed soberseth's ghost (amateur DrFE)
  1715 | D:3      | Reached XP level 5. HP: 38/40 MP: 6/6
  1737 | D:3      | Found a runed translucent gate.
  1737 | D:3      | Found a runed translucent gate.
  1737 | D:3      | Found a runed translucent gate.
  1955 | D:3      | Found a transporter.
  2014 | D:3      | Found a transporter.
  2106 | D:3      | Found a snail-covered altar of Cheibriados.
  2279 | D:3      | Became a worshipper of Cheibriados the Contemplative
  2335 | D:3      | Bought a +0 chain mail for 63 gold pieces
  2371 | D:4      | Noticed an orc warrior
  2384 | D:4      | Killed an orc warrior
  2385 | D:4      | Reached XP level 6. HP: 45/47 MP: 8/8
  2460 | D:4      | Reached skill level 5 in Dodging
  3156 | D:4      | Reached * piety under Cheibriados
  3157 | D:4      | Reached XP level 7. HP: 39/52 MP: 10/10
  3437 | D:4      | Found a hazy altar of Hepliaklqana.
  3579 | D:5      | Entered Level 5 of the Dungeon
  3711 | D:5      | Found a staircase to the Ecumenical Temple.
  3714 | D:5      | Noticed Blork the orc
  4001 | D:5      | Reached XP level 8. HP: 60/60 MP: 12/12
  4130 | D:5      | Killed Blork the orc
  4219 | D:5      | Noticed Sigmund
  4232 | D:5      | Killed Sigmund
  4721 | D:6      | Found an iron altar of Okawaru.
  5036 | D:6      | Reached ** piety under Cheibriados
  5418 | D:7      | Found a shadowy altar of Dithmenos.
  5697 | D:7      | Reached XP level 9. HP: 66/66 MP: 14/14
  5852 | D:7      | Found Nuonoom's Weapon Shoppe.
  6427 | D:7      | Reached *** piety under Cheibriados
  6428 | D:7      | Reached skill level 5 in Fighting
  6988 | D:8      | Found a sacrificial altar of Ru.
  7134 | D:9      | Reached skill level 5 in Invocations
  7164 | D:9      | Found a staircase to the Orcish Mines.
  7763 | D:9      | Reached XP level 10. HP: 75/75 MP: 17/17
  7806 | D:9      | Reached skill level 5 in Short Blades
  7806 | D:9      | Reached skill level 5 in Long Blades
  7806 | D:9      | Reached skill level 5 in Axes
  7806 | D:9      | Reached skill level 5 in Maces & Flails
  7806 | D:9      | Reached skill level 5 in Polearms
  7806 | D:9      | Reached skill level 5 in Staves
  7806 | D:9      | Reached skill level 5 in Ranged Weapons
  7806 | D:9      | Reached skill level 5 in Throwing
  7806 | D:9      | Reached skill level 5 in Armour
  7806 | D:9      | Reached skill level 5 in Stealth
  7806 | D:9      | Reached skill level 5 in Shields
  7806 | D:9      | Reached skill level 5 in Spellcasting
  7806 | D:9      | Reached skill level 5 in Evocations
  7870 | D:9      | Reached **** piety under Cheibriados
  8073 | D:10     | Entered Level 10 of the Dungeon
  8474 | D:10     | Found a staircase to the Lair.
  8489 | D:10     | Killed from afar by an acid dragon

Illustrated notes

Levels and vault maps discovered:
D:1:      enne_arrival_octagon_isle, layout_basic,
          hangedman_decor_clover_reticule
D:2:      layout_loops_corners, serial_glass, glass_columns_a, glass_columns_a
D:3:      gammafunk_wand_slinger, layout_loops_ring, marbit_many_paths,
          serial_shops, shop, gammafunk_ghost_split
D:4:      layout_loops_corners, worldfamousw_hep_ancestral_shrine,
          minmay_misc_feat_five
D:5:      layout_gridville, minmay_temple_entry_statues_fountains,
          nicolae_figureground_pulse, uniq_sigmund, uniq_blork_the_orc
D:6:      layout_basic, general_overflow_altar
D:7:      layout_loops_ring, nicolae_dithmenos_through_a_glass_darkly,
          nicolae_overflow_hidden_temple, serial_shops,
          nicolae_shop_behind_doors, chequers_decorated_corner
D:8:      layout_cave_pools, nicolae_ru_path_of_blood, david_defended_altar_orc
D:9:      layout_loops_cross, orc_0_dummy
D:10:     layout_irregular_city, mainiacjoe_overflow_small_starburst,
          mainiacjoe_overflow_big_doors, due_lair_maze_entry_diamond,
          ploomutoo_gammafunk_ghost_potion_laboratory, minivault_11

Skill      XL: |  1  2  3  4  5  6  7  8  9 10 |
---------------+-------------------------------+-----
Invocations    | 1 2 3 4 5 |  5.8
Short Blades   | 1 2 3 4 5 |  5.3
Long Blades    | 1 2 3 4 5 |  5.3
Axes           | 1 2 3 4 5 |  5.3
Maces & Flails | 1 2 3 4 5 |  5.3
Polearms       | 1 2 3 4 5 |  5.3
Staves         | 1 2 3 4 5 |  5.3
Ranged Weapons | 1 2 3 4 5 |  5.3
Throwing       | 1 2 3 4 5 |  5.3
Armour         | 1 2 3 4 5 |  5.3
Stealth        | 1 2 3 4 5 |  5.3
Shields        | 1 2 3 4 5 |  5.3
Spellcasting   | 1 2 3 4 5 |  5.3
Evocations     | 1 2 3 4 5 |  5.3
Conjurations   | 1 2 3 4 |  4.4
Hexes          | 1 2 3 4 |  4.4
Summonings     | 1 2 3 4 |  4.4
Necromancy     | 1 2 3 4 |  4.4
Translocations | 1 2 3 4 |  4.4
Transmutations | 1 2 3 4 |  4.4
Fire Magic     | 1 2 3 4 |  4.4
Ice Magic      | 1 2 3 4 |  4.4
Air Magic      | 1 2 3 4 |  4.4
Earth Magic    | 1 2 3 4 |  4.4
Poison Magic   | 1 2 3 4 |  4.4
Fighting       | 3 4 5 6 |  6.0
Dodging        | 5 6 7 |  7.1
Unarmed Combat | 7 8 |  8.5
Shapeshifting  | 7 8 |  8.2

Action                     |  1- 3 |  4- 6 |  7- 9 | 10-12 || total
---------------------------+-------+-------+-------+-------++-------
  Melee: Unarmed           |   108 |   146 |   336 |    71 ||   661
         Bite              |    10 |    16 |    43 |    12 ||    81
         Maw               |       |       |       |    21 ||    21
   Stab: Sleeping          |       |       |       |     1 ||     1
 Armour: Animal skin       |    31 |    15 |       |       ||    46
         Chain mail        |       |    42 |    31 |       ||    73
         Plate armour      |       |       |   146 |    12 ||   158
         Skin              |       |       |     1 |    11 ||    12
  Dodge: Dodged            |    64 |    90 |   215 |    66 ||   435
  Block: Kite shield       |       |       |       |    23 ||    23
   Form: Flux              |     1 |       |       |     1 ||     2
         Maw               |       |       |       |     2 ||     2

Table legend: (Time is in decaauts)
 A = Elapsed time spent in this place.
 B = Non-inter-level travel time spent in this place.
 C = Inter-level travel time spent in this place.
 D = Time resting spent in this place.
 E = Time spent auto-exploring this place.
 F = Levels seen in this place.
 G = Mean time per level.
                   A        B        C        D        E       F      G
               +--------+--------+--------+--------+--------+-----+--------+
         Total |  10458 |   9677 |    781 |    345 |   7775 |  10 | 1045.8 |
       Dungeon |  10458 |   9677 |    781 |    345 |   7775 |  10 | 1045.8 |
               +--------+--------+--------+--------+--------+-----+--------+

Top non-repeatable levels by time:
     D:4: 1592 daAuts
     D:7: 1480 daAuts
     D:9: 1346 daAuts
     D:5: 1298 daAuts
     D:6: 978 daAuts
     D:2: 839 daAuts
     D:8: 810 daAuts
     D:3: 798 daAuts
     D:1: 723 daAuts
    D:10: 591 daAuts
